[Event "Titled Tuesday Blitz November 2 2021"]
[White "Ulko, Jaroslav"]
[Black "Kovalenko, Igor"]
[WhiteFideId "4116658"]
[BlackFideId "14117908"]
[WhiteElo "2304"]
[BlackElo "2629"]
[Result "0-1"]
[Round "04"]
[TimeControl "180+1"]
[Date "2021.11.02"]
[WhiteClock "0:00:25"]
[BlackClock "0:01:33"]

1. d4 Nf6 2. Nf3 g6 3. c3 Bg7 4. Bg5 d6 5. Nbd2 b6 6. e4 Bb7 7. Bd3 h6 8. Bh4 Nbd7 9. Qe2 g5 10. Bg3 e6 11. Ba6 Qc8 12. Bxb7 Qxb7 13. h4 g4 14. Nh2 h5 15. f3 Bh6 16. Nc4 b5 17. Na5 Qb6 18. b4 Rg8 19. f4 d5 20. e5 Ne4 21. Qd3 f6 22. exf6 Ndxf6 23. Nf1 Nd6 24. f5 Nxf5 25. Be5 Ne4 26. a4 a6 27. g3 Kd7 28. Rh2 Rgf8 29. Rha2 bxa4 30. Rxa4 Nfd6 31. Nb3 Rf3 32. Nc5+ Qxc5 33. Qxf3 gxf3 34. dxc5 Nc4 35. Bd4 e5 36. Rxa6 Rxa6 37. Rxa6 exd4 38. Rxh6 dxc3 39. Kd1 d4 40. Rxh5 Ne3+ 41. Kc1 Nxf1 42. Rd5+ Kc6 43. Rxd4 Nfxg3 44. h5 f2 45. Rd1 Nxh5 0-1


[Site "https://www.chess.com"]

[Event "Titled Tuesday Blitz November 2 2021"]
[White "Wagner, Dennis"]
[Black "Jobava, Baadur"]
[WhiteFideId "24650684"]
[BlackFideId "13601520"]
[WhiteElo "2355"]
[BlackElo "2731"]
[Result "0-1"]
[Round "04"]
[TimeControl "180+1"]
[Date "2021.11.02"]
[WhiteClock "0:00:03"]
[BlackClock "0:00:10"]

1. d4 Nf6 2. Nf3 g6 3. c4 c5 4. d5 Bg7 5. Nc3 O-O 6. e4 d6 7. Be2 e6 8. O-O exd5 9. exd5 Bg4 10. h3 Bxf3 11. Bxf3 Nbd7 12. Re1 a6 13. Bf4 Qc7 14. Qd2 Rae8 15. b3 Qb8 16. a4 Qc7 17. Rxe8 Nxe8 18. Re1 Ne5 19. Be2 f5 20. Bf1 Nf7 21. Re6 Qd8 22. Bh2 Nc7 23. Re3 Qh4 24. Ne2 Bh6 25. f4 Bg7 26. Bg3 Qd8 27. Kh2 b5 28. Ng1 bxa4 29. bxa4 Ne8 30. Nf3 Nf6 31. Bh4 Qd7 32. Re6 Nd8 33. Re1 Qxa4 34. Re7 Rf7 35. Qe1 Ne4 36. Bd3 Bf6 37. Bxf6 Nxf6 38. Ng5 Rf8 39. Qh4 Nf7 40. Ne6 Qa1 41. Nxf8 Kxf8 42. Ra7 Qd4 43. Be2 g5 44. Qe1 Qxf4+ 45. Kh1 Ne4 46. Bf3 Ng3+ 47. Kg1 Ne5 48. Qb1 Qe3+ 49. Kh2 Nxf3+ 50. Kxg3 Nd2+ 51. Kh2 Nxb1 0-1


[Site "https://www.chess.com"]

[Event "Titled Tuesday Blitz November 2 2021"]
[White "Yeletsky, Ivan"]
[Black "Nakamura, Hikaru"]
[WhiteFideId "24180327"]
[BlackFideId "2016192"]
[WhiteElo "2352"]
[BlackElo "2884"]
[Result "1/2-1/2"]
[Round "04"]
[TimeControl "180+1"]
[Date "2021.11.02"]
[WhiteClock "0:00:17"]
[BlackClock "0:00:13"]

1. e4 c5 2. Nf3 d6 3. d4 cxd4 4. Nxd4 Nf6 5. Nc3 a6 6. Rg1 e5 7. Nb3 b5 8. g4 Bb7 9. f3 Nbd7 10. g5 Nh5 11. Be3 Be7 12. h4 O-O 13. a3 Rc8 14. Qd2 Nb6 15. Na5 Ba8 16. O-O-O Qc7 17. Kb1 Rfd8 18. Bh3 Rb8 19. Bg4 Nf4 20. Bxf4 exf4 21. Qxf4 Na4 22. Nb3 Nxc3+ 23. bxc3 Qxc3 24. Rd3 Qe5 25. Qxe5 dxe5 26. Rxd8+ Rxd8 27. Kb2 g6 28. Ra1 Bc6 29. Na5 Be8 30. Nb7 Rd4 31. Na5 h6 32. Nb3 Rd8 33. gxh6 Bxh4 34. Nc5 Ra8 35. h7+ Kh8 36. Bd7 a5 37. a4 Bf2 38. Bxe8 Rxe8 39. Nd3 Bb6 40. axb5 Rc8 41. Kb3 Bd4 42. Rxa5 Rc3+ 43. Kb4 Rxc2 44. Ra3 Kxh7 45. Rb3 Kg7 46. Ka5 Ra2+ 47. Kb4 Kf6 48. Kc4 Rc2+ 49. Kd5 Bb6 50. Ra3 Kg5 51. Ra6 Be3 52. b6 Rd2 53. Kc4 Rc2+ 54. Kb3 Rc8 55. Nxe5 Rb8 56. Nc4 Bf2 57. Kb4 Kf4 58. Ra7 f5 59. exf5 Bxb6 60. Nxb6 Rxb6+ 61. Kc5 Rf6 62. fxg6 Rxg6 63. Rf7+ Ke5 64. f4+ Ke6 65. f5+ Kxf7 66. fxg6+ Kg7 67. Kd5 Kxg6 1/2-1/2


[Site "https://www.chess.com"]

[Event "Titled Tuesday Blitz November 2 2021"]
[White "Zhigalko, Sergei"]
[Black "Aditya Mittal"]
[WhiteFideId "13502956"]
[BlackFideId "35042025"]
[WhiteElo "2662"]
[BlackElo "2245"]
[Result "1-0"]
[Round "04"]
[TimeControl "180+1"]
[Date "2021.11.02"]
[WhiteClock "0:00:31"]
[BlackClock "0:00:12"]

1. e4 c5 2. Nf3 d6 3. d4 cxd4 4. Qxd4 Nf6 5. Nc3 Nc6 6. Bb5 Bd7 7. Bxc6 Bxc6 8. Bg5 e6 9. O-O-O Be7 10. Rhe1 O-O 11. Kb1 Qa5 12. Qd2 Qa6 13. Nd4 Rac8 14. f3 Rfe8 15. g4 b5 16. Nce2 Bb7 17. Ng3 Rc4 18. b3 Rc5 19. h4 Rec8 20. Rc1 Qa3 21. Nh5 b4 22. Re2 Ra5 23. c4 bxc3 24. Rxc3 Rxc3 25. Qxc3 Nxe4 26. fxe4 Bxg5 27. Nc6 Re5 28. Nxe5 Bd8 29. Nc4 1-0


[Site "https://www.chess.com"]

[Event "Titled Tuesday Blitz November 2 2021"]
[White "Abdrlauf, Elham"]
[Black "Zhigalko, Sergei"]
[WhiteFideId "1533533"]
[BlackFideId "13502956"]
[WhiteElo "2362"]
[BlackElo "2662"]
[Result "0-1"]
[Round "05"]
[TimeControl "180+1"]
[Date "2021.11.02"]
[WhiteClock "0:00:07"]
[BlackClock "0:00:05"]

1. e4 c5 2. Ne2 Nc6 3. d4 cxd4 4. Nxd4 Nf6 5. Nc3 e5 6. Nde2 Bc5 7. Ng3 d6 8. Na4 Bb4+ 9. c3 Ba5 10. Bd3 O-O 11. O-O Be6 12. h3 a6 13. b4 Bc7 14. Qe2 b5 15. Nb2 d5 16. exd5 Nxd5 17. Qc2 g6 18. Bh6 Re8 19. Rfd1 Qh4 20. Qd2 Nf4 21. Bxf4 exf4 22. Ne4 Rad8 23. f3 Ne5 24. Qf2 Qe7 25. Nc5 Bb6 26. Bf1 Nd7 27. Nbd3 Bc4 28. Re1 Qd6 29. Qc2 Bxd3 30. Qxd3 Qxd3 31. Rxe8+ Rxe8 32. Bxd3 Bxc5+ 33. bxc5 Nxc5 34. Bf1 Re3 35. a4 bxa4 36. Ra3 g5 37. Bc4 Kg7 38. Bd5 a5 39. Bc6 Re1+ 40. Kh2 Re2 41. Bxa4 Nxa4 42. Rxa4 Re5 43. h4 h6 44. hxg5 hxg5 45. g3 fxg3+ 46. Kxg3 Rc5 47. Rd4 Kg6 48. Rd6+ f6 49. Ra6 Kf5 50. Kf2 Ke5 51. Ke2 f5 52. c4 Kf4 53. Kf2 Rxc4 54. Rxa5 Rc2+ 55. Kg1 Rb2 56. Ra3 Kg3 57. Kf1 Rf2+ 58. Kg1 Rxf3 59. Ra2 g4 60. Rg2+ Kf4 61. Rc2 Rg3+ 62. Kf2 Rd3 63. Kg2 Rd4 64. Rb2 Kg5 65. Kf2 f4 66. Rb8 Rd2+ 67. Kg1 g3 68. Rd8 Rxd8 0-1


[Site "https://www.chess.com"]

[Event "Titled Tuesday Blitz November 2 2021"]
[White "Aditya Mittal"]
[Black "Kalogeris, Ioannis"]
[WhiteFideId "35042025"]
[BlackFideId "4239563"]
[WhiteElo "2245"]
[BlackElo "2287"]
[Result "1-0"]
[Round "05"]
[TimeControl "180+1"]
[Date "2021.11.02"]
[WhiteClock "0:01:00"]
[BlackClock "0:00:01"]

1. d4 Nf6 2. c4 e6 3. Nc3 Bb4 4. e3 c5 5. Nf3 O-O 6. Bd3 d6 7. O-O Nc6 8. Bd2 e5 9. d5 Ne7 10. a3 Ba5 11. h3 Bf5 12. Bxf5 Nxf5 13. Qc2 g6 14. Rab1 h5 15. b4 cxb4 16. axb4 Bb6 17. Na4 Rc8 18. Qb3 Ne4 19. Qd3 Nf6 20. e4 Ne7 21. c5 dxc5 22. bxc5 Bxc5 23. Nxc5 Rxc5 24. Rxb7 Nd7 25. Rxa7 Nc8 26. Rxd7 Qxd7 27. Bb4 Qc7 28. Bxc5 Qxc5 29. Nxe5 Re8 30. Nc6 Nd6 31. e5 Nb5 32. Kh2 Nc7 33. Rd1 Qxf2 34. Rf1 Qc5 35. e6 Nxd5 36. exf7+ 1-0


[Site "https://www.chess.com"]

[Event "Titled Tuesday Blitz November 2 2021"]
[White "Bakalchuk, Johnatan"]
[Black "Visakh N R"]
[WhiteFideId "2810301"]
[BlackFideId "25012223"]
[WhiteElo "2486"]
[BlackElo "2454"]
[Result "1-0"]
[Round "05"]
[TimeControl "180+1"]
[Date "2021.11.02"]
[WhiteClock "0:00:25"]
[BlackClock "0:00:22"]

1. d4 Nf6 2. Nc3 d5 3. Bf4 c6 4. e3 Bf5 5. f3 h6 6. g4 Bh7 7. h4 e6 8. Bd3 Bxd3 9. cxd3 c5 10. Nge2 Nc6 11. dxc5 Bxc5 12. d4 Bd6 13. Qb3 O-O 14. Kf2 Na5 15. Qc2 Nc4 16. Rag1 Bxf4 17. Nxf4 e5 18. dxe5 Qb6 19. exf6 Nxe3 20. Qb3 Qc5 21. Qb5 Qd4 22. Nce2 Nxg4+ 23. Kg3 Qxf6 24. Kxg4 Rae8 25. Kh3 Re3 26. Rxg7+ Kh8 27. Rhg1 Rxf3+ 28. R7g3 Qf5+ 29. Kh2 Rf2+ 30. R1g2 Rf1 31. Qxd5 Qb1 32. Qe5+ f6 1-0


[Site "https://www.chess.com"]

[Event "Titled Tuesday Blitz November 2 2021"]
[White "Bluebaum, Matthias"]
[Black "Smirnov, Pavel"]
[WhiteFideId "24651516"]
[BlackFideId "4123425"]
[WhiteElo "2681"]
[BlackElo "2571"]
[Result "0-1"]
[Round "05"]
[TimeControl "180+1"]
[Date "2021.11.02"]
[WhiteClock "0:00:11"]
[BlackClock "0:00:09"]

1. d4 Nf6 2. Nf3 e6 3. Bf4 c5 4. e3 cxd4 5. exd4 b6 6. h3 Ba6 7. Bxa6 Nxa6 8. O-O Be7 9. a4 O-O 10. c3 d6 11. Nbd2 Nc7 12. Bh2 Qd7 13. Qb3 Qc6 14. c4 a6 15. Rfc1 Qb7 16. a5 b5 17. c5 dxc5 18. dxc5 Ncd5 19. Rc2 Rac8 20. Rac1 Bd8 21. c6 Qa7 22. Qa3 b4 23. Qa4 Bc7 24. Bxc7 Rxc7 25. Nc4 Rb8 26. Nd6 h6 27. Qb3 Ne8 28. Nb7 Nef6 29. Qd3 Rbc8 30. Ne5 b3 31. Qxb3 Qd4 32. Nf3 Qb4 33. Qd3 Qe7 34. Rc4 Nb4 35. Qd6 Qxd6 36. Nxd6 Rb8 37. Ne5 Nfd5 38. Ne4 Rb5 39. Rc5 Rb8 40. Nd7 Rd8 41. R5c4 f5 42. Nec5 Rxc6 43. Ne5 Rcc8 44. Nxe6 Rxc4 45. Rxc4 Re8 46. Nc7 Rxe5 47. Nxd5 Nxd5 48. Rc6 Re1+ 49. Kh2 Nb4 50. Rb6 Re4 51. f3 Rd4 52. Kg3 Kf7 53. Kf2 f4 54. Ke2 Ke7 55. Rg6 Kf7 56. Rb6 h5 57. h4 g6 58. Ke1 Nd3+ 59. Ke2 Nc5 60. b4 Na4 61. Ke1 Nxb6 62. axb6 Rxb4 63. b7 Rxb7 64. Kd2 a5 65. Kd3 a4 66. Ke4 a3 67. Kxf4 a2 68. Kg5 a1=Q 69. Kh6 Qf6 70. Kh7 Qg7# 0-1


[Site "https://www.chess.com"]

[Event "Titled Tuesday Blitz November 2 2021"]
[White "Demidov, Mikhail"]
[Black "Yaksin, Oleg"]
[WhiteFideId "4197143"]
[BlackFideId "24105880"]
[WhiteElo "2527"]
[BlackElo "2256"]
[Result "1-0"]
[Round "05"]
[TimeControl "180+1"]
[Date "2021.11.02"]
[WhiteClock "0:01:06"]
[BlackClock "0:00:04"]

1. Nf3 Nf6 2. g3 d5 3. Bg2 Bf5 4. c4 c6 5. Qb3 Qb6 6. cxd5 Qxb3 7. axb3 Nxd5 8. d3 Bg6 9. Na3 Nd7 10. Nc4 a6 11. O-O e6 12. Na5 Ra7 13. Bd2 Bb4 14. Rfc1 Ke7 15. Bxb4+ Nxb4 16. Rc4 c5 17. d4 Rc8 18. Rac1 b6 19. Rxb4 bxa5 20. Ra4 Rb7 21. Rxa5 Rxb3 22. dxc5 Rxb2 23. Nd4 Rb1 24. Rxb1 Bxb1 25. Rxa6 Rxc5 26. h3 Rc1+ 27. Kh2 Ne5 28. f4 Ng6 29. Nf3 Be4 30. Ra7+ Ke8 31. Ng5 Bxg2 32. Kxg2 f6 33. Nxe6 Rc2 34. Kf2 Ne7 35. Nxg7+ Kf8 36. Ne6+ Kf7 37. Nd4 Rd2 38. Nf5 1-0


[Site "https://www.chess.com"]

[Event "Titled Tuesday Blitz November 2 2021"]
[White "Fawzy, Adham"]
[Black "Weetik, Vjacheslav"]
[WhiteFideId "10613129"]
[BlackFideId "4153472"]
[WhiteElo "2504"]
[BlackElo "2469"]
[Result "1-0"]
[Round "05"]
[TimeControl "180+1"]
[Date "2021.11.02"]
[WhiteClock "0:00:06"]
[BlackClock "0:00:08"]

1. e4 c6 2. d4 d5 3. exd5 cxd5 4. c4 Nf6 5. Nc3 e6 6. c5 Be7 7. Nf3 O-O 8. Bf4 Bd7 9. Bd3 Nc6 10. a3 b6 11. b4 bxc5 12. dxc5 d4 13. Nb5 Nd5 14. Bd6 Bxd6 15. Nxd6 e5 16. O-O Qf6 17. b5 Nce7 18. Ne4 Qf4 19. g3 Qf5 20. c6 Be6 21. Neg5 Qg4 22. Nxe6 Qxe6 23. Bxh7+ Kh8 24. Re1 f6 25. Bd3 Nc3 26. Nxd4 Qf7 27. Qg4 exd4 28. Qh4+ 1-0


[Site "https://www.chess.com"]

[Event "Titled Tuesday Blitz November 2 2021"]
[White "Goltsev, Dmitry"]
[Black "Pinheiro, Iung Alicio de O."]
[WhiteFideId "24176710"]
[BlackFideId "2104350"]
[WhiteElo "2334"]
[BlackElo "2590"]
[Result "1-0"]
[Round "05"]
[TimeControl "180+1"]
[Date "2021.11.02"]
[WhiteClock "0:00:07"]
[BlackClock "0:00:05"]

1. e4 c6 2. d4 d5 3. Nc3 dxe4 4. Nxe4 Nf6 5. Nxf6+ exf6 6. c3 Bd6 7. Bd3 O-O 8. Ne2 Re8 9. Be3 Nd7 10. Qc2 Nf8 11. O-O-O Be6 12. Kb1 b5 13. h4 a5 14. h5 a4 15. Nf4 Bxf4 16. Bxf4 Qd5 17. a3 Qa2+ 18. Kc1 Bb3 19. Qb1 Qxb1+ 20. Kxb1 Bxd1 21. Rxd1 Ne6 22. Be3 Nc7 23. c4 bxc4 24. Bxc4 Nd5 25. Bc1 Rab8 26. Kc2 Re4 27. h6 Rbe8 28. hxg7 Kxg7 29. Rh1 Re2+ 30. Bxe2 Rxe2+ 31. Kd3 Rxf2 32. g4 Rg2 33. Rh4 Rg3+ 34. Kc4 Rg1 35. Bh6+ Kg6 36. Kc5 Rg2 37. Kxc6 Ne7+ 38. Kb5 Rxb2+ 39. Kxa4 Nd5 40. Bf8 Nb6+ 41. Ka5 Nc4+ 42. Ka6 Ra2 43. Rh3 Rb2 44. Rh6+ Kg5 45. Rxh7 Kxg4 46. Rxf7 f5 47. d5 Nxa3 48. d6 Rd2 49. d7 Nc4 50. Bg7 f4 51. Bf6 f3 52. d8=Q Rxd8 53. Bxd8 Kg3 54. Rg7+ Kh3 55. Rh7+ Kg2 56. Bh4 Nd2 57. Rg7+ Kh3 58. Be1 Ne4 59. Rf7 Kg2 60. Ka5 f2 61. Bxf2 Nxf2 62. Kb4 Ne4 63. Kb3 Kg3 64. Kc2 Kg4 65. Kd3 Nd6 66. Rf6 Nf5 67. Ke4 Ng3+ 68. Ke5 Ne2 69. Rf2 Ng3 70. Rf4+ Kg5 71. Ra4 Nh5 72. Ra3 Nf6 73. Rg3+ Ng4+ 74. Ke4 Kh5 75. Kf4 Nf6 76. Rg5+ Kh6 77. Kf5 Nh5 78. Rg6+ Kh7 79. Rg4 Ng7+ 80. Kf6 Nh5+ 81. Kf7 Kh6 82. Rg6+ Kh7 83. Rg2 Kh6 84. Rg6+ Kh7 85. Ra6 Nf4 86. Ra5 Kh6 87. Kf6 Nh5+ 88. Kf7 Ng7 89. Ra6+ Kh7 90. Ra5 Kh6 91. Rb5 Nh5 92. Rc5 Ng7 93. Rc1 Nh5 94. Ke6 Kg5 95. Rg1+ Kh4 96. Kf5 Ng3+ 97. Kf4 Nh5+ 98. Kf3 Nf6 99. Rg6 Nh5 100. Ke4 Ng3+ 101. Ke3 Nh5 102. Kf3 1-0


[Site "https://www.chess.com"]

[Event "Titled Tuesday Blitz November 2 2021"]
[White "Holt, Conrad"]
[Black "Kalashian, David"]
[WhiteFideId "2034387"]
[BlackFideId "13302418"]
[WhiteElo "2586"]
[BlackElo "2490"]
[Result "0-1"]
[Round "05"]
[TimeControl "180+1"]
[Date "2021.11.02"]
[WhiteClock "0:00:05"]
[BlackClock "0:00:08"]

1. d4 Nf6 2. c4 g6 3. Nc3 Bg7 4. e4 d6 5. Nf3 Bg4 6. Be2 Nfd7 7. Ng1 Bxe2 8. Ngxe2 O-O 9. O-O c5 10. Be3 Nc6 11. Qd2 cxd4 12. Nxd4 Rc8 13. b3 a6 14. Rac1 Nc5 15. Rfd1 Nxd4 16. Bxd4 Bxd4 17. Qxd4 Ne6 18. Qa7 Nc5 19. Nd5 e6 20. Nb6 Rc6 21. Na4 Nxa4 22. bxa4 Qc7 23. h4 h5 24. Rb1 Rxc4 25. Rxb7 Qc6 26. Rb6 Qxe4 27. Rbxd6 Qxh4 28. a5 Ra4 29. Qxa6 Rxa2 30. Qb6 Rc8 31. a6 Rcc2 32. a7 Kg7 33. Rxe6 Rxf2 34. Rxg6+ fxg6 35. Rd7+ Kh6 36. Qe3+ Qf4 0-1


[Site "https://www.chess.com"]

[Event "Titled Tuesday Blitz November 2 2021"]
[White "Horobetz, Graham"]
[Black "Hansen, Eric"]
[WhiteFideId "2047322"]
[BlackFideId "2606771"]
[WhiteElo "2633"]
[BlackElo "2568"]
[Result "0-1"]
[Round "05"]
[TimeControl "180+1"]
[Date "2021.11.02"]
[WhiteClock "0:00:09"]
[BlackClock "0:01:01"]

1. e4 c5 2. Nf3 e6 3. d4 cxd4 4. Nxd4 a6 5. Nc3 Qc7 6. Bd3 Nf6 7. Qe2 d6 8. O-O Be7 9. Kh1 b5 10. a4 b4 11. Nb1 Bb7 12. a5 Nbd7 13. Nb3 d5 14. N1d2 Nxe4 15. Nxe4 dxe4 16. Bxe4 Bxe4 17. Qxe4 Rc8 18. Be3 O-O 19. Rac1 Nf6 20. Qd3 Qc4 21. Qxc4 Rxc4 22. Nd2 Rc6 23. c4 bxc3 24. Rxc3 Rxc3 25. bxc3 Nd5 26. Bd4 Rc8 27. c4 Nb4 28. Rb1 f6 29. g3 Kf7 30. Kg2 h5 31. h4 Rc7 32. Bb6 Rd7 33. Ne4 Nc6 34. Rb2 e5 35. Re2 Rd3 36. Re3 Rxe3 37. fxe3 Bb4 38. Kf3 Ke6 39. Ke2 Kf5 40. Kf3 g5 41. hxg5 fxg5 42. Nf2 e4+ 43. Kg2 Bxa5 44. Bc5 Bb4 45. Bxb4 Nxb4 46. g4+ hxg4 47. Nd1 Nd3 48. Nc3 Nc5 49. Kg3 a5 50. Nb5 a4 51. Kg2 Kg6 52. Kg3 Kh5 53. Na3 Nb3 54. Nb5 Nc5 55. Na3 Kg6 56. Kxg4 Nd3 57. Nb5 Ne5+ 58. Kg3 Nxc4 59. Nc3 a3 60. Kf2 g4 61. Kg3 Nxe3 62. Kf4 Nd5+ 0-1


[Site "https://www.chess.com"]

[Event "Titled Tuesday Blitz November 2 2021"]
[White "Jobava, Baadur"]
[Black "Rasulov, Vugar"]
[WhiteFideId "13601520"]
[BlackFideId "13402390"]
[WhiteElo "2731"]
[BlackElo "2560"]
[Result "1-0"]
[Round "05"]
[TimeControl "180+1"]
[Date "2021.11.02"]
[WhiteClock "0:00:05"]
[BlackClock "0:00:05"]

1. e4 c5 2. Nc3 d6 3. f4 a6 4. Nf3 Nc6 5. d4 cxd4 6. Nxd4 g6 7. Be3 Bg7 8. Be2 Nf6 9. O-O O-O 10. Kh1 Bd7 11. Bf3 Rc8 12. Re1 b5 13. Nxc6 Bxc6 14. Nd5 Nd7 15. c3 Bb7 16. Bd4 e5 17. fxe5 Nxe5 18. Rf1 Bxd5 19. exd5 Re8 20. a4 Nc4 21. axb5 axb5 22. Bxg7 Kxg7 23. Qd4+ Kg8 24. Bg4 Rc7 25. h3 Ne3 26. Rf2 Rc4 27. Qa7 Qe7 28. Bd7 Ra4 29. Rxa4 bxa4 30. Re2 a3 31. bxa3 h5 32. a4 h4 33. a5 Qe4 34. Bxe8 Qb1+ 35. Kh2 Nf1+ 36. Kg1 Ng3+ 37. Kf2 Qf1+ 38. Ke3 Qxe2+ 39. Kf4 Qxe8 40. Qe3 Qa4+ 41. Kg5 Nf5 42. Qb6 Qd1 43. Kf6 Qd2 44. Qd8+ Kh7 45. Kxf7 Nh6+ 46. Ke6 Qxc3 47. Qd7+ Kg8 48. Qe8+ Kg7 49. Qe7+ Kh8 50. Qf6+ Qxf6+ 51. Kxf6 Ng8+ 52. Ke6 Kg7 53. a6 Nf6 54. a7 Ne4 55. a8=Q 1-0


[Site "https://www.chess.com"]

[Event "Titled Tuesday Blitz November 2 2021"]
[White "Kaasen, Tor Fredrik"]
[Black "Nguyen Hong Nhung"]
[WhiteFideId "1516647"]
[BlackFideId "12412201"]
[WhiteElo "2349"]
[BlackElo "1661"]
[Result "1-0"]
[Round "05"]
[TimeControl "180+1"]
[Date "2021.11.02"]
[WhiteClock "0:00:13"]
[BlackClock "0:00:07"]

1. e4 c5 2. Nf3 e6 3. d4 cxd4 4. Nxd4 Nc6 5. Nc3 Qc7 6. g3 a6 7. Bg2 Nf6 8. O-O Be7 9. Re1 d6 10. Nxc6 bxc6 11. Na4 O-O 12. c4 Rb8 13. b3 e5 14. Bb2 Be6 15. Rc1 Rfd8 16. Qe2 Qa5 17. c5 dxc5 18. Bxe5 Rbc8 19. Bxf6 Bxf6 20. Rxc5 Qb4 21. Rec1 Rd2 22. a3 Rxe2 23. axb4 Bd4 24. R5c2 Rxc2 25. Rxc2 Bxb3 26. Rd2 Bf6 27. Nc5 Bc4 28. Nd7 Bd8 29. e5 a5 30. bxa5 Bxa5 31. Rc2 Bb3 32. Rxc6 Rxc6 33. Bxc6 Bc7 34. f4 Be6 35. Kg2 Bxd7 36. Bxd7 Kf8 37. Kf3 Ke7 38. Ba4 f6 39. Ke4 fxe5 40. fxe5 Bb6 41. Bb3 Bg1 42. h3 Bf2 43. Kf3 Bd4 44. Kf4 g5+ 45. Kf5 h6 46. Bc2 Kf7 47. Bb3+ Ke7 48. e6 Bg7 49. Kg6 Be5 50. Kxh6 Bf4 51. gxf4 gxf4 52. Kg7 f3 53. Bc4 f2 54. h4 Kd6 55. h5 Ke7 56. h6 Kd6 57. h7 Ke7 58. h8=Q f1=Q 59. Bxf1 Kxe6 60. Qe8+ 1-0


[Site "https://www.chess.com"]

[Event "Titled Tuesday Blitz November 2 2021"]
[White "Karolczuk, Iwo"]
[Black "Yeletsky, Ivan"]
[WhiteFideId "21816972"]
[BlackFideId "24180327"]
[WhiteElo "2093"]
[BlackElo "2352"]
[Result "0-1"]
[Round "05"]
[TimeControl "180+1"]
[Date "2021.11.02"]
[WhiteClock "0:00:01"]
[BlackClock "0:00:23"]

1. d4 d5 2. Nf3 Nf6 3. c4 e6 4. e3 Nbd7 5. b3 c6 6. Bb2 Ne4 7. Bd3 f5 8. O-O Bd6 9. Qc1 Qe7 10. Ba3 Bxa3 11. Qxa3 Qxa3 12. Nxa3 Ke7 13. Rac1 a5 14. Rc2 h6 15. Nb1 g5 16. Nfd2 b6 17. Nxe4 dxe4 18. Be2 c5 19. Rd2 a4 20. Nc3 axb3 21. axb3 Bb7 22. Nb5 Bc6 23. Nc7 Ra7 24. Nxe6 Kxe6 25. d5+ Bxd5 26. Rxd5 Nf6 27. Rd2 Rha8 28. Rfd1 Rd7 29. Rxd7 Nxd7 30. g4 f4 31. exf4 gxf4 32. g5 Ne5 33. gxh6 Rg8+ 34. Kh1 Rh8 35. Bf1 Rxh6 36. h3 Kf5 37. Bg2 f3 38. Bf1 Kf4 39. Rd8 Rf6 40. Kg1 e3 41. fxe3+ Kxe3 42. Rd5 Re6 43. h4 Rg6+ 44. Kh2 Ng4+ 45. Kh3 Nf2+ 46. Kh2 Rg4 47. Re5+ Kf4 48. Rh5 Ne4 49. Rh8 Rg7 50. Bh3 Ke3 51. Rf8 Nd2 52. Re8+ Kf2 53. h5 Rg5 54. h6 Rh5 0-1


[Site "https://www.chess.com"]

[Event "Titled Tuesday Blitz November 2 2021"]
[White "Khanin, Semen"]
[Black "Vafin, Ayrat"]
[WhiteFideId "4111990"]
[BlackFideId "4146530"]
[WhiteElo "2436"]
[BlackElo "2267"]
[Result "1-0"]
[Round "05"]
[TimeControl "180+1"]
[Date "2021.11.02"]
[WhiteClock "0:02:19"]
[BlackClock "0:02:24"]

1. c4 e5 2. Nc3 Nf6 3. g3 Bb4 4. Bg2 Bxc3 5. bxc3 O-O 6. e4 d6 7. Ne2 Be6 8. d3 h6 9. O-O c6 10. f4 exf4 11. gxf4 Bg4 12. Be3 Re8 13. Rb1 d5 14. cxd5 cxd5 15. e5 Nc6 16. Rxb7 Rc8 17. Qd2 1-0


[Site "https://www.chess.com"]

[Event "Titled Tuesday Blitz November 2 2021"]
[White "Kovalenko, Igor"]
[Black "Harshavardhan G B"]
[WhiteFideId "14117908"]
[BlackFideId "25059009"]
[WhiteElo "2629"]
[BlackElo "1825"]
[Result "1/2-1/2"]
[Round "05"]
[TimeControl "180+1"]
[Date "2021.11.02"]
[WhiteClock "0:00:19"]
[BlackClock "0:00:20"]

1. d4 Nf6 2. Nf3 g6 3. Nbd2 d5 4. e3 Bg7 5. b4 O-O 6. Be2 a5 7. b5 c5 8. bxc6 bxc6 9. Ba3 Ba6 10. O-O Re8 11. c4 Nbd7 12. Rc1 e6 13. Rc2 Qb8 14. cxd5 cxd5 15. Bxa6 Rxa6 16. Nb3 Rc8 17. Rxc8+ Qxc8 18. Qd3 a4 19. Nc5 Nxc5 20. Bxc5 Nd7 21. Bb4 Rc6 22. Qb5 Nb6 23. Bc5 Nd7 24. Bb4 Nb6 25. h4 Bf6 26. g3 Kg7 27. Kg2 h5 28. Rb1 Nc4 29. Qxa4 e5 30. Bc5 e4 31. Nh2 Ra6 32. Qb3 Nd2 33. Qc2 Nxb1 34. Qxb1 Qc7 35. Qb3 Qd7 36. a3 Be7 37. Bxe7 Qxe7 38. Qxd5 Rxa3 39. Nf1 Rd3 40. Qc6 Qe6 41. Qxe6 fxe6 42. g4 hxg4 43. Ng3 Ra3 44. Nxe4 Ra1 45. Kh2 Kh6 46. Nf6 g5 47. h5 Rf1 48. Kg2 Ra1 49. Kh2 Rf1 50. Kg2 Rb1 51. Kh2 Rb8 52. Kg3 Rf8 53. Nd7 Rf3+ 54. Kxg4 Rxf2 55. Nc5 Rg2+ 56. Kf3 Rc2 57. Nxe6 Kxh5 58. d5 Rd2 59. Nd4 g4+ 60. Kg3 Rd3 61. Kf4 Rd1 62. d6 Rf1+ 63. Ke5 g3 64. d7 Rf8 65. Ne6 Rg8 66. Kf6 Kg4 67. Kf7 Ra8 68. Nf4 Kf3 69. Ke7 Kxe3 70. Nh3 g2 71. d8=Q Rxd8 72. Kxd8 Kf3 73. Ke7 Kg3 74. Ng1 Kf2 75. Nh3+ Kg3 76. Ng1 Kh2 77. Ne2 Kh3 78. Kf6 Kg4 79. Ke5 Kf3 80. Ng1+ Kg3 81. Ke4 Kf2 82. Nh3+ Kg3 83. Ng1 Kf2 84. Nf3 Kf1 85. Ke3 g1=Q+ 86. Nxg1 1/2-1/2


[Site "https://www.chess.com"]

[Event "Titled Tuesday Blitz November 2 2021"]
[White "Lovkov, Roman"]
[Black "Swicarz, Maciej"]
[WhiteFideId "4157389"]
[BlackFideId "1113585"]
[WhiteElo "2371"]
[BlackElo "2130"]
[Result "1-0"]
[Round "05"]
[TimeControl "180+1"]
[Date "2021.11.02"]
[WhiteClock "0:00:22"]
[BlackClock "0:00:13"]

1. e4 c6 2. d4 d5 3. exd5 cxd5 4. c4 Nf6 5. Nc3 g6 6. cxd5 Bg7 7. Bc4 O-O 8. Nf3 a6 9. a4 b6 10. O-O Bb7 11. Qb3 Nbd7 12. Bf4 Nh5 13. Be5 Nxe5 14. dxe5 Rc8 15. Rfe1 Qc7 16. Bf1 Rfd8 17. Rad1 Bh6 18. Rd4 Nf4 19. g3 Nh5 20. Rc4 Qb8 21. Rxc8 Bxc8 22. Nd4 Qc7 23. Nc6 Re8 24. Bg2 Bd2 25. Rd1 Bh6 26. d6 exd6 27. Nd5 Qxc6 28. Ne7+ Rxe7 29. Bxc6 Rxe5 30. Qxb6 Kg7 31. Qc7 Bg4 32. Qxd6 Re6 33. Qd4+ Nf6 34. Bd7 Re4 35. Bxg4 Rxd4 36. Rxd4 Bc1 37. b4 Bb2 38. Rc4 Ba3 39. Bf3 h5 40. Bb7 a5 41. bxa5 Nd7 42. a6 Ne5 43. a7 Nxc4 44. a8=Q Bd6 45. Qa6 1-0


[Site "https://www.chess.com"]

[Event "Titled Tuesday Blitz November 2 2021"]
[White "Martinez Alcantara, Jose Eduardo"]
[Black "Narayanan.S.L"]
[WhiteFideId "3805662"]
[BlackFideId "5058422"]
[WhiteElo "2690"]
[BlackElo "2570"]
[Result "1-0"]
[Round "05"]
[TimeControl "180+1"]
[Date "2021.11.02"]
[WhiteClock "0:00:14"]
[BlackClock "0:00:15"]

1. e4 e5 2. Nf3 Nc6 3. Bb5 a6 4. Ba4 Nf6 5. d3 d6 6. c3 Bd7 7. h3 g6 8. Be3 Bg7 9. Nbd2 O-O 10. O-O h6 11. Re1 Nh5 12. d4 Kh8 13. dxe5 dxe5 14. Bb3 Qe7 15. Bd5 Rad8 16. b4 b6 17. Qe2 Nb8 18. Bc4 Qe8 19. Nf1 f5 20. exf5 gxf5 21. Rad1 e4 22. Nh4 Nc6 23. Ng3 Nxg3 24. fxg3 a5 25. a3 axb4 26. cxb4 Ne5 27. Bf4 Kh7 28. Kh2 Bf6 29. Rc1 Bxh4 30. gxh4 Nxc4 31. Rxc4 c6 32. a4 Be6 33. Rc3 Rg8 34. a5 bxa5 35. bxa5 Bd5 36. Rg3 Rxg3 37. Bxg3 Qf7 38. Qe3 Bc4 39. Rb1 Bb5 40. Rc1 Rd3 41. Qf4 e3 42. Rc5 Rd5 43. Rxd5 Qxd5 44. Qxe3 c5 45. Qe7+ Kg6 46. Be5 f4 47. Qf6+ 1-0


[Site "https://www.chess.com"]

[Event "Titled Tuesday Blitz November 2 2021"]
[White "Mikhailovsky, Vladimir"]
[Black "Araujo Sanchez, Josue"]
[WhiteFideId "34105414"]
[BlackFideId "6416896"]
[WhiteElo "2402"]
[BlackElo "2181"]
[Result "1-0"]
[Round "05"]
[TimeControl "180+1"]
[Date "2021.11.02"]
[WhiteClock "0:01:27"]
[BlackClock "0:01:17"]

1. d4 Nf6 2. Nc3 d5 3. Bf4 a6 4. e3 c5 5. dxc5 e6 6. Na4 Nbd7 7. b4 b6 8. c6 Bxb4+ 9. c3 Ba5 10. cxd7+ Bxd7 11. Bd3 Rc8 12. Ne2 b5 13. Nb2 Qe7 14. O-O e5 15. Bg3 O-O 16. a4 e4 17. Bc2 Bxc3 18. Nxc3 Rxc3 19. axb5 axb5 20. Qd2 Qb4 21. Nd1 Rc4 22. Qxb4 Rxb4 23. Bd6 1-0


[Site "https://www.chess.com"]